NWL (28 & UNDER)
RIVERSIDE RED BULLS @ LA CROSSE LOGGERS
05/12/2027
 
TOP OF THE 1ST
Riverside Red Bulls batting - Pitching for La Crosse Loggers : RHP Drew Bailey
Pitching: RHP Drew Bailey
Batting: RHB Tom Howe 0-0: Ball
1-0: Fly out, F8 (Flyball, 8RM)
Batting: RHB Kevin Brown 0-0: Ball
1-0: Called Strike
1-1: Called Strike
1-2: Ball
2-2: Ball
3-2: Ground out 6-3 (Groundball, 6)
Batting: SHB Luis Alonso 0-0: Ball
1-0: Called Strike
1-1: Ball
2-1: Ball
3-1: Base on Balls
Batting: RHB Enrique Flores 0-0: Swinging Strike
0-1: SINGLE (Line Drive, 9S)
Luis Alonso to second
Runner from 2nd tries for 3rd, SAFE, throw made to third
Batting: RHB Kelly Jones 0-0: Ball
1-0: Fielders Choice at 2nd, 6-4 (Groundball, 6)
Top of the 1st over - 0 run(s), 1 hit(s), 0 error(s), 1 left on base; Riverside 0 - La Crosse 0
BOTTOM OF THE 1ST
La Crosse Loggers batting - Pitching for Riverside Red Bulls : LHP Carlos Castillo
Pitching: LHP Carlos Castillo
Batting: RHB Aurelio Cruz 0-0: Ball
1-0: Called Strike
1-1: Ground out U3 (Groundball, 3)
Batting: RHB Júlio Sánchez 0-0: Called Strike
0-1: Ball
1-1: Called Strike
1-2: Foul Ball, location: 2F
1-2: Strikes out looking
Batting: RHB Peter Bryant 0-0: Called Strike
0-1: Ball
1-1: Ground out 6-3 (Groundball, 6)
Bottom of the 1st over - 0 run(s), 0 hit(s), 0 error(s), 0 left on base; Riverside 0 - La Crosse 0
TOP OF THE 2ND
Riverside Red Bulls batting - Pitching for La Crosse Loggers : RHP Drew Bailey
Batting: LHB Mike Petersen 0-0: Foul Ball, location: 2F
0-1: Ball
1-1: Called Strike
1-2: Ball
2-2: Ball
3-2: Foul Ball, location: 2F
3-2: SINGLE (Groundball, 4MD)
Batting: RHB Pedro Mata 0-0: Ball
1-0: Ball
2-0: Foul Ball, location: 2F
2-1: Ball
3-1: Base on Balls
Mike Petersen to second
Batting: RHB Brandon Pope 0-0: Called Strike
0-1: Called Strike
0-2: Ball
1-2: Foul Ball, location: 2F
1-2: Strikes out swinging
Batting: RHB Marcos Hernández 0-0: Called Strike
0-1: Swinging Strike
0-2: Ball
1-2: Foul Ball, location: 2F
1-2: Ball
2-2: Ball
3-2: Base on Balls
Mike Petersen to third
Pedro Mata to second
Batting: RHB Tom Howe 0-0: Ball
1-0: Ball
2-0: Ball
3-0: Called Strike
3-1: Foul Ball, location: 2F
3-2: Base on Balls
Mike Petersen scores
Pedro Mata to third
Marcos Hernández to second
Batting: RHB Kevin Brown 0-0: Called Strike
0-1: Ball
1-1: SINGLE (Groundball, 56S) (infield hit)
Pedro Mata scores
Marcos Hernández to third
Tom Howe to second
Batting: SHB Luis Alonso 0-0: Ball
1-0: Foul Ball, location: 2F
1-1: Grounds into double play, 6-4-3 (Groundball, 6)
Top of the 2nd over - 2 run(s), 2 hit(s), 0 error(s), 2 left on base; Riverside 2 - La Crosse 0
BOTTOM OF THE 2ND
La Crosse Loggers batting - Pitching for Riverside Red Bulls : LHP Carlos Castillo
Batting: RHB Jesús Cabrera 0-0: SINGLE (Groundball, 6MS) (infield hit)
Batting: SHB Dave Henley 0-0: Ball
1-0: Fly out, F6 (Line Drive, 6)
Batting: LHB Jeff Forsyth 0-0: Ball
Jesús Cabrera steals 2nd base
1-0: Ball
2-0: Ball
3-0: Called Strike
3-1: Called Strike
3-2: Foul Ball, location: 2F
3-2: Foul Ball, location: 2F
3-2: Strikes out looking
Batting: RHB Robert Acosta 0-0: Ball
1-0: Ball
2-0: Ball
3-0: Base on Balls
Batting: RHB Troy Reed 0-0: Ball
1-0: Ball
2-0: Foul Ball, location: 2F
2-1: Swinging Strike
2-2: Ground out 5-3 (Groundball, 56S)
Bottom of the 2nd over - 0 run(s), 1 hit(s), 0 error(s), 2 left on base; Riverside 2 - La Crosse 0
TOP OF THE 3RD
Riverside Red Bulls batting - Pitching for La Crosse Loggers : RHP Drew Bailey
Batting: RHB Enrique Flores 0-0: Foul Ball, location: 2F
0-1: Ball
1-1: Swinging Strike
1-2: Foul Ball, location: 2F
1-2: Ground out 5-3 (Groundball, 56)
Batting: RHB Kelly Jones 0-0: Foul Ball, location: 2F
0-1: Foul Ball, location: 2F
0-2: Ground out 6-3 (Groundball, 6)
Batting: LHB Mike Petersen 0-0: Ball
1-0: Ball
2-0: Foul Ball, location: 2F
2-1: Foul Ball, location: 2F
2-2: Ball
3-2: Base on Balls
Batting: RHB Pedro Mata 0-0: Ball
1-0: Ball
2-0: Ball
3-0: Base on Balls
Mike Petersen to second
Batting: RHB Brandon Pope 0-0: Ball
1-0: Ball
2-0: Ball
3-0: Called Strike
3-1: Base on Balls
Mike Petersen to third
Pedro Mata to second
Batting: RHB Marcos Hernández 0-0: Ball
1-0: Foul Ball, location: 2F
1-1: Ball
2-1: Ball
3-1: Base on Balls
Mike Petersen scores
Pedro Mata to third
Brandon Pope to second
Batting: RHB Tom Howe 0-0: Called Strike
0-1: Ball
1-1: Ball
2-1: SINGLE (Flyball, 7S)
Pedro Mata scores
Brandon Pope to third
Marcos Hernández to second
Runner from 3rd tries for Home, SAFE, no throw
Batting: RHB Kevin Brown 0-0: Ball
1-0: DOUBLE (Line Drive, 9LM)
Marcos Hernández scores
Tom Howe to third
Runner from 3rd tries for Home, SAFE, no throw
Batting: SHB Luis Alonso 0-0: Fly out, F5 (Popup, 5S)
Top of the 3rd over - 5 run(s), 2 hit(s), 0 error(s), 1 left on base; Riverside 7 - La Crosse 0
BOTTOM OF THE 3RD
La Crosse Loggers batting - Pitching for Riverside Red Bulls : LHP Carlos Castillo
Batting: RHB Hunter Plunket 0-0: Swinging Strike
0-1: Ball
1-1: Ball
2-1: Fly out, F9 (Flyball, 9)
Batting: RHB Aurelio Cruz 0-0: Ball
1-0: Ground out 6-3 (Groundball, 6)
Batting: RHB Júlio Sánchez 0-0: Called Strike
0-1: Ball
1-1: Foul Ball, location: 2F
1-2: Foul Ball, location: 2F
1-2: Ball
2-2: SINGLE (Groundball, 34D)
Batting: RHB Peter Bryant 0-0: Called Strike
0-1: Ball
1-1: Swinging Strike
1-2: Foul Ball, location: 2F
1-2: Ball
2-2: Foul Ball, location: 2F
2-2: Foul Ball, location: 2F
2-2: Foul Ball, location: 2F
2-2: Foul Ball, location: 2F
2-2: Ball
3-2: Strikes out swinging
Bottom of the 3rd over - 0 run(s), 1 hit(s), 0 error(s), 1 left on base; Riverside 7 - La Crosse 0
TOP OF THE 4TH
Riverside Red Bulls batting - Pitching for La Crosse Loggers : RHP Drew Bailey
Batting: RHB Enrique Flores 0-0: Swinging Strike
0-1: Foul Ball, location: 2F
0-2: Foul Ball, location: 2F
0-2: Foul Ball, location: 2F
0-2: Foul Ball, location: 2F
0-2: Ball
1-2: Ground out 4-3 (Groundball, 4)
Pitching: RHP Christian Adkins
Batting: RHB Kelly Jones 0-0: Ground out 5-3 (Groundball, 56)
Batting: LHB Mike Petersen 0-0: Called Strike
0-1: Ball
1-1: Ball
2-1: Swinging Strike
2-2: Ball
3-2: Base on Balls
Batting: RHB Pedro Mata 0-0: Ball
1-0: Ball
2-0: Swinging Strike
2-1: Ball
3-1: Foul Ball, location: 2F
3-2: Base on Balls
Mike Petersen to second
Batting: RHB Brandon Pope 0-0: Ball
1-0: Ball
2-0: SINGLE (Groundball, 56D)
Mike Petersen to third
Pedro Mata to second
Runner from 3rd tries for Home, throw and OUT!
Top of the 4th over - 0 run(s), 1 hit(s), 0 error(s), 2 left on base; Riverside 7 - La Crosse 0
BOTTOM OF THE 4TH
La Crosse Loggers batting - Pitching for Riverside Red Bulls : LHP Carlos Castillo
Batting: RHB Jesús Cabrera 0-0: Called Strike
0-1: Foul Ball, location: 2F
0-2: Ball
1-2: Foul Ball, location: 2F
1-2: Ball
2-2: DOUBLE (Line Drive, 7LD)
Batting: SHB Dave Henley 0-0: Ball
Wild Pitch!
Jesús Cabrera to third
1-0: Single, Error in OF, E9, batter to second base
Jesús Cabrera scores
Batting: LHB Jeff Forsyth 0-0: Ground out 3-1 (Groundball, 34)
Dave Henley to third
Batting: RHB Robert Acosta 0-0: Called Strike
0-1: Ball
1-1: Fly out, F7 (Flyball, 78D)
Runner from 3rd tags up, SCORES, no throw
Batting: RHB Troy Reed 0-0: Reached on error, E6 (Groundball, 6)
Batting: RHB Hunter Plunket 0-0: Ball
1-0: Swinging Strike
1-1: Ball
2-1: Ball
3-1: Base on Balls
Troy Reed to second
Batting: RHB Aurelio Cruz 0-0: Ball
1-0: Ground out 4-3 (Groundball, 34)
Bottom of the 4th over - 2 run(s), 2 hit(s), 2 error(s), 2 left on base; Riverside 7 - La Crosse 2
TOP OF THE 5TH
Riverside Red Bulls batting - Pitching for La Crosse Loggers : RHP Christian Adkins
Batting: RHB Marcos Hernández 0-0: Fly out, F9 (Flyball, 9S)
Pitching: LHP Luis Alemán
Batting: RHB Tom Howe 0-0: Swinging Strike
0-1: Ball
1-1: Fly out, F7 (Flyball, 7S)
Batting: RHB Kevin Brown 0-0: Foul Ball, location: 2F
0-1: Ball
1-1: Called Strike
1-2: Fly out, F8 (Flyball, 8LD)
Top of the 5th over - 0 run(s), 0 hit(s), 0 error(s), 0 left on base; Riverside 7 - La Crosse 2
BOTTOM OF THE 5TH
La Crosse Loggers batting - Pitching for Riverside Red Bulls : LHP Carlos Castillo
Batting: RHB Júlio Sánchez 0-0: Called Strike
0-1: Ball
1-1: Foul Ball, location: 2F
1-2: Ball
2-2: Ball
3-2: Foul Ball, location: 2F
3-2: Base on Balls
Pitching: RHP Gene Whitley
Batting: RHB Peter Bryant 0-0: Grounds into double play, 4-6-3 (Groundball, 4)
Batting: RHB Jesús Cabrera 0-0: SINGLE (Line Drive, 78S)
Batting: SHB Dave Henley 0-0: Called Strike
Jesús Cabrera steals 2nd base
0-1: Swinging Strike
0-2: Ball
1-2: Ball
2-2: Strikes out swinging
Bottom of the 5th over - 0 run(s), 1 hit(s), 0 error(s), 1 left on base; Riverside 7 - La Crosse 2
TOP OF THE 6TH
Riverside Red Bulls batting - Pitching for La Crosse Loggers : LHP Luis Alemán
Batting: SHB Luis Alonso 0-0: Ground out 6-3 (Groundball, 6)
Batting: RHB Enrique Flores 0-0: Ball
1-0: Called Strike
1-1: Ball
2-1: SINGLE (Groundball, 4MD)
Batting: RHB Kelly Jones 0-0: Ball
1-0: Called Strike
1-1: Ball
2-1: Foul Ball, location: 2F
2-2: Foul Ball, location: 2F
2-2: Foul Ball, location: 2F
2-2: Ball
3-2: DOUBLE (Flyball, 89M)
Enrique Flores to third
Pitching: RHP Willie Alexander
Batting: LHB Mike Petersen 0-0: Called Strike
0-1: Foul Ball, location: 2F
0-2: Strikes out swinging
Pitching: RHP Michael Peterson
Batting: RHB Pedro Mata 0-0: Called Strike
0-1: Ball
1-1: Ball
2-1: Ball
3-1: Foul Ball, location: 2F
3-2: Fly out, F9 (Flyball, 9LS)
Top of the 6th over - 0 run(s), 2 hit(s), 0 error(s), 2 left on base; Riverside 7 - La Crosse 2
BOTTOM OF THE 6TH
La Crosse Loggers batting - Pitching for Riverside Red Bulls : RHP Gene Whitley
Batting: LHB Jeff Forsyth 0-0: Ball
1-0: Called Strike
1-1: Ball
2-1: Ball
3-1: Foul Ball, location: 2F
3-2: SINGLE (Line Drive, 56)
Batting: RHB Robert Acosta 0-0: Ball
1-0: Called Strike
1-1: Called Strike
1-2: Ball
2-2: Ball
3-2: Base on Balls
Jeff Forsyth to second
Batting: RHB Troy Reed 0-0: Foul Ball, location: 2F
0-1: Swinging Strike
0-2: Foul Ball, location: 2F
0-2: Ball
1-2: Ball
2-2: Strikes out looking
Batting: RHB Hunter Plunket 0-0: Ball
1-0: Called Strike
1-1: Swinging Strike
1-2: Ball
2-2: Ball
3-2: Base on Balls
Jeff Forsyth to third
Robert Acosta to second
Batting: RHB Aurelio Cruz 0-0: SINGLE (Groundball, 34D)
Jeff Forsyth scores
Robert Acosta to third
Hunter Plunket to second
Runner from 3rd tries for Home, SAFE, no throw
Pitching: RHP Raúl Hernández
Batting: RHB Júlio Sánchez 0-0: Called Strike
0-1: Foul Ball, location: 2F
0-2: Ball
1-2: 3-RUN HOME RUN (Flyball, 8RXD), Distance : 403 ft
Batting: RHB Peter Bryant 0-0: Ball
1-0: Ground out 6-3 (Groundball, 6)
Batting: RHB Jesús Cabrera 0-0: Called Strike
0-1: Foul Ball, location: 2F
0-2: SINGLE (Line Drive, 78M)
Batting: SHB Dave Henley 0-0: Called Strike
0-1: SINGLE (Line Drive, 78M)
Jesús Cabrera to second
Batting: LHB Jeff Forsyth 0-0: Ball
1-0: Called Strike
1-1: Foul Ball, location: 2F
1-2: Ball
2-2: Foul Ball, location: 2F
2-2: Fielders Choice at 2nd, 5-4 (Groundball, 56)
Bottom of the 6th over - 5 run(s), 5 hit(s), 0 error(s), 1 left on base; Riverside 7 - La Crosse 7
TOP OF THE 7TH
Riverside Red Bulls batting - Pitching for La Crosse Loggers : RHP Michael Peterson
Batting: RHB Brandon Pope 0-0: Called Strike
0-1: Ball
1-1: Ball
2-1: Ball
3-1: Foul Ball, location: 2F
3-2: Foul Ball, location: 2F
3-2: Fly out, F8 (Flyball, 8RM)
Batting: RHB Marcos Hernández 0-0: Ball
1-0: Ball
2-0: Fly out, F9 (Flyball, 9LM)
Batting: RHB Tom Howe 0-0: Swinging Strike
0-1: Swinging Strike
0-2: Foul Ball, location: 2F
0-2: Ball
1-2: SINGLE (Line Drive, 8LS)
Pinch Hitting: RHB Earnest Finnegan 0-0: SINGLE (Line Drive, 6MD)
Tom Howe to second
Batting: SHB Luis Alonso 0-0: Ball
1-0: Foul Ball, location: 2F
1-1: Foul Ball, location: 2F
1-2: Ball
2-2: Fly out, F5 (Line Drive, 56)
Top of the 7th over - 0 run(s), 2 hit(s), 0 error(s), 2 left on base; Riverside 7 - La Crosse 7
BOTTOM OF THE 7TH
La Crosse Loggers batting - Pitching for Riverside Red Bulls : RHP Raúl Hernández
Now at SS: Luis Flores
Pinch Hitting: RHB Francisco Rodríguez 0-0: Ball
1-0: Ball
2-0: Ground out 6-3 (Groundball, 6)
Pinch Hitting: LHB Ramón Córdova 0-0: Ball
1-0: Ball
2-0: Foul Ball, location: 2F
2-1: Swinging Strike
2-2: Fly out, F2 (Popup, 23)
Pinch Hitting: RHB Manuel Pérez 0-0: Ball
1-0: Foul Ball, location: 2F
1-1: Called Strike
1-2: Ball
2-2: Fly out, F9 (Flyball, 9LM)
Bottom of the 7th over - 0 run(s), 0 hit(s), 0 error(s), 0 left on base; Riverside 7 - La Crosse 7
TOP OF THE 8TH
Riverside Red Bulls batting - Pitching for La Crosse Loggers : RHP Michael Peterson
Now at SS: Francisco Rodríguez
Now in LF: Ramón Córdova
Now in RF: Brock Miller
Batting: RHB Enrique Flores 0-0: Called Strike
0-1: Ball
1-1: Ball
2-1: Ball
3-1: Called Strike
3-2: Foul Ball, location: 2F
3-2: Fly out, F4 (Line Drive, 4)
Pitching: LHP Manuel Perea
Batting: RHB Kelly Jones 0-0: Ground out U3 (Groundball, 3)
Batting: LHB Mike Petersen 0-0: Ball
1-0: Called Strike
1-1: Ball
2-1: Swinging Strike
2-2: Fly out, F7 (Flyball, 78S)
Top of the 8th over - 0 run(s), 0 hit(s), 0 error(s), 0 left on base; Riverside 7 - La Crosse 7
BOTTOM OF THE 8TH
La Crosse Loggers batting - Pitching for Riverside Red Bulls : RHP Raúl Hernández
Batting: RHB Aurelio Cruz 0-0: Ball
1-0: Fly out, F8 (Flyball, 8RM)
Batting: RHB Júlio Sánchez 0-0: Ball
1-0: Ball
2-0: Ball
3-0: Base on Balls
Pitching: RHP Carlos Morán
Pinch Hitting: RHB António Pérez 0-0: Ground out 5-3 (Groundball, 6S)
Júlio Sánchez to second
Batting: RHB Jesús Cabrera 0-0: Ball
1-0: Ball
2-0: Ball
3-0: Base on Balls
Batting: SHB Dave Henley 0-0: SINGLE (Line Drive, 6D)
Júlio Sánchez to third
Jesús Cabrera to second
Batting: LHB Jeff Forsyth 0-0: Ball
1-0: Called Strike
1-1: Ball
2-1: Foul Ball, location: 2F
2-2: Fly out, F8 (Flyball, 8LM)
Bottom of the 8th over - 0 run(s), 1 hit(s), 0 error(s), 3 left on base; Riverside 7 - La Crosse 7
TOP OF THE 9TH
Riverside Red Bulls batting - Pitching for La Crosse Loggers : LHP Manuel Perea
Pitching: RHP Derrick Hall
Now at 3B: António Pérez
Batting: RHB Pedro Mata 0-0: Ball
1-0: Called Strike
1-1: Foul Ball, location: 2F
1-2: Ball
2-2: Ground out 5-3 (Groundball, 5)
Batting: RHB Brandon Pope 0-0: Fly out, F3 (Line Drive, 3)
Batting: RHB Marcos Hernández 0-0: Ball
1-0: Called Strike
1-1: SINGLE (Line Drive, 6M)
Batting: RHB Tom Howe 0-0: Ball
1-0: Ball
2-0: Ball
3-0: Base on Balls
Marcos Hernández to second
Pinch Hitting: SHB Walt Simmons 0-0: Called Strike
0-1: Foul Ball, location: 2F
0-2: SINGLE (Groundball, 6MD)
Marcos Hernández to third
Tom Howe to second
Runner from 3rd tries for Home, SAFE, no throw
Batting: SHB Luis Alonso 0-0: Called Strike
0-1: Fielders Choice at 2nd, 6-4 (Groundball, 6)
Top of the 9th over - 1 run(s), 2 hit(s), 0 error(s), 1 left on base; Riverside 8 - La Crosse 7
BOTTOM OF THE 9TH
La Crosse Loggers batting - Pitching for Riverside Red Bulls : RHP Carlos Morán
Pitching: LHP Miguel Galván
Now at 3B: Walt Simmons
Batting: RHB Francisco Rodríguez 0-0: SINGLE (Groundball, 56D)
Batting: LHB Ramón Córdova 0-0: Called Strike
0-1: Ball
1-1: Called Strike
1-2: Foul Ball, location: 2F
1-2: Foul Ball, location: 2F
1-2: Ball
2-2: Strikes out swinging
Batting: LHB Brock Miller 0-0: Ball
1-0: Foul Ball, location: 2F
1-1: 2-RUN HOME RUN (Flyball, 89XD), Distance : 393 ft
Thursday, March 30th, 2017 - OOTP Baseball 17.12 Build 75